[Event "2nd Father Cup Blitz 2023"]
[Site "Rasht"]
[Date "2023.12.07"]
[Round "13.2"]
[White "Daghli, Arash"]
[Black "Tahbaz, Arash"]
[Result "0-1"]
[ECO "A13"]
[WhiteElo "2410"]
[BlackElo "2423"]
[Annotator "RC"]
[PlyCount "52"]
[EventDate "2023.12.07"]
[EventType "swiss"]
[EventCountry "IRI"]
[SourceTitle "playchess.com"]
[Source "ChessBase"]
[SourceQuality "1"]
[TimeControl "300+2"]

1. c4 e6 2. Nf3 Nf6 3. Nc3 d5 4. e3 Be7 5. b3 O-O 6. Bb2 c5 7. cxd5 exd5 8. d4 cxd4 9. Nxd4 Nc6 10. Bb5 Ne5 11. O-O Bd6 12. h3 a6 13. Be2 Re8 14. Nf3 Nc6 15. Bd3 Qe7 16. Ne2 Ne4 17. Nf4 Be6 18. Rc1 Rad8 19. Nd4 Nxd4 20. Bxd4 Rc8 21. Qh5 Bxf4 22. exf4 f6 23. Rxc8 Rxc8 24. Re1 Qb4 25. Rxe4 dxe4 26. Bxe4 Qe1+ 0-1

[Event "2nd Father Cup Blitz 2023"]
[Site "Rasht"]
[Date "2023.12.07"]
[Round "13.3"]
[White "Mahdavi, Reza"]
[Black "Jahedi, Mani"]
[Result "1-0"]
[ECO "B39"]
[WhiteElo "2312"]
[BlackElo "2121"]
[Annotator "RC"]
[PlyCount "105"]
[EventDate "2023.12.07"]
[EventType "swiss"]
[EventCountry "IRI"]
[SourceTitle "playchess.com"]
[Source "ChessBase"]
[SourceQuality "1"]
[TimeControl "300+2"]

1. e4 c5 2. Nf3 g6 3. d4 cxd4 4. Nxd4 Nc6 5. c4 Nf6 6. Nc3 d6 7. Be3 Ng4 8. Nc2 Nxe3 9. Nxe3 Bg7 10. Be2 O-O 11. O-O Qa5 12. Qd2 Be6 13. Rfd1 Rfc8 14. Ned5 Bxd5 15. Nxd5 Qxd2 16. Rxd2 e6 17. Ne3 a5 18. Rad1 a4 19. g3 Nb4 20. Rxd6 Bxb2 21. Rb6 Bc3 22. a3 Na6 23. Rxb7 Nc5 24. Rb5 Nb3 25. Kf1 Nd2+ 26. Kg2 Ra7 27. Bd3 Nb3 28. Bb1 h5 29. Rd3 Bb2 30. Bc2 Bxa3 31. Bxb3 axb3 32. Rdxb3 Bc1 33. c5 Rac7 34. Rc3 Bd2 35. Rc2 Bxe3 36. fxe3 Rc6 37. e5 Kg7 38. Kf3 g5 39. Ke4 Kg6 40. h4 Ra8 41. Rb4 Ra5 42. Kd4 Ra1 43. Rb6 Ra4+ 44. Rc4 Rxc4+ 45. Kxc4 Rc8 46. e4 g4 47. c6 f6 48. Kc5 f5 49. Kd6 fxe4 50. c7 Kf5 51. Rb1 e3 52. Rb4 Rxc7 53. Re4 1-0

[Event "2nd Father Cup Blitz 2023"]
[Site "Rasht"]
[Date "2023.12.07"]
[Round "13.4"]
[White "Mosadeghpour, Masoud"]
[Black "Khoshkalam, Seyed Mehrab"]
[Result "1-0"]
[ECO "C01"]
[WhiteElo "2473"]
[BlackElo "2266"]
[Annotator "RC"]
[PlyCount "82"]
[EventDate "2023.12.07"]
[EventType "swiss"]
[EventCountry "IRI"]
[SourceTitle "playchess.com"]
[Source "ChessBase"]
[SourceQuality "1"]
[TimeControl "300+2"]

1. e4 e6 2. d4 d5 3. exd5 exd5 4. Nf3 Bd6 5. Bd3 Nc6 6. O-O Nge7 7. Re1 Bg4 8. c3 Qd7 9. h3 Bh5 10. b4 Bg6 11. Bf1 f6 12. Nbd2 O-O 13. Nb3 Rae8 14. Nc5 Bxc5 15. dxc5 Nd8 16. c4 Bf7 17. Bf4 Qc8 18. Qb3 Qd7 19. Rad1 Ng6 20. Bh2 Rxe1 21. Nxe1 c6 22. cxd5 cxd5 23. Nf3 Re8 24. b5 Ne5 25. Bxe5 fxe5 26. Ng5 d4 27. Nxf7 Nxf7 28. c6 Qc7 29. cxb7 Qxb7 30. Bc4 Re7 31. Rc1 g6 32. Bd5 Qd7 33. a4 Kg7 34. a5 e4 35. b6 axb6 36. axb6 e3 37. b7 exf2+ 38. Kxf2 Re8 39. Bxf7 Qf5+ 40. Qf3 Rb8 41. Qxf5 Ra8 1-0